 Dungeon Crawl Stone Soup version 0.19-a0-998-gfd37873 (webtiles) character file.

5530 zxkuqyb the Cleaver (level 10, -7/96 HPs)
             Began as a Gargoyle Berserker on July 17, 2016.
             Was a High Priest of Trog.
             Mangled by a snapping turtle (11 damage)
             ... on level 10 of the Dungeon.
             The game lasted 00:41:16 (9594 turns).

zxkuqyb the Cleaver (Gargoyle Berserker)            Turns: 9594, Time: 00:41:16

Health: -7/96      AC: 28    Str: 25    XL:     10   Next: 71%
Magic:  10/10      EV: 11    Int:  9    God:    Trog [*****.]
Gold:   579        SH:  0    Dex: 20    Spells: 0 memorised, 9 levels left

rFire  . . .     SeeInvis .     a - +1 hand axe
rCold  . . .     Gourm    .     O - +0 plate armour
rNeg   + + .     Faith    .     (no shield)
rPois  ∞         Spirit   .     K - +1 hat of Pleasant Breezes {*Drain +Blink Dex+3 Stlth+}
rElec  +         Dismiss  .     S - +2 cloak "Fyvoj" {*Drain MR+ Regen+ Dex+6}
rCorr  .         Reflect  .     (no gloves)
SustAt .         Harm     .     (no boots)
MR     +....                    (no amulet)
Stlth  ..........               (no ring)
                                C - ring of positive energy

@: berserking (expiring), very quick, somewhat resistant to hostile
enchantments, extremely unstealthy
A: rough black scales 1, negative energy resistance 1, electricity resistance,
unbreathing, petrification resistance, rot immunity, AC +7
a: Berserk, Trog's Hand, Brothers in Arms, Burn Spellbooks, Renounce Religion,
Evoke Blink


You were on level 10 of the Dungeon.
You worshipped Trog.
Trog was extremely pleased with you.
You were hungry.

You visited 2 branches of the dungeon, and saw 11 of its levels.
You also visited: Sewer.

You collected 579 gold pieces.

Inventory:

Hand Weapons
 a - a +1 hand axe (weapon)
 q - a +0 dagger of electrocution
 H - a +0 mace of venom
 N - a +0 war axe
Missiles
 G - 2 throwing nets (quivered)
Armour
 E - the +0 shield of Serendipity {+Fly, unknown}
   (You acquired it on level 6 of the Dungeon)

   It lets you fly.
 K - the +1 hat of Pleasant Breezes (worn) {*Drain +Blink Dex+3 Stlth+}
   (You found it on level 7 of the Dungeon)

   It affects your dexterity (+3).
   It lets you blink.
   It causes draining when unequipped.
   It makes you more stealthy.
 O - a +0 plate armour (worn)
 S - the +2 cloak "Fyvoj" (worn) {*Drain MR+ Regen+ Dex+6}
   (You found it on level 9 of the Dungeon)

   It affects your dexterity (+6).
   It affects your resistance to hostile enchantments.
   It increases your rate of regeneration.
   It causes draining when unequipped.
Jewellery
 C - a ring of positive energy (left hand)
Wands
 b - a wand of flame (27/48)
 B - a wand of random effects (23/48)
 F - a wand of heal wounds (5/9)
 T - a wand of flame (22/48)
Scrolls
 e - 3 scrolls of teleportation
 g - 2 scrolls of magic mapping
 h - 2 scrolls of immolation
 i - a scroll of enchant weapon
 j - a scroll of fog
 k - a scroll of remove curse
 m - 2 scrolls of blinking {unknown}
 s - 2 scrolls of enchant armour
 y - a scroll of vulnerability {unknown}
 P - a scroll of recharging {unknown}
Potions
 d - 2 potions of cure mutation
 l - 3 potions of curing {unknown}
 n - 2 potions of flight
 o - 11 potions of heal wounds {unknown}
 p - a potion of magic
 u - a potion of haste
 w - 2 potions of might
 z - a potion of ambrosia
 A - 3 potions of lignification {unknown}
 D - 2 potions of agility
 R - a potion of brilliance
Books
 t - a book of Changes

   Spells                             Type                      Level
   a - Beastly Appendage              Transmutation                1
   b - Sticks to Snakes               Transmutation                2
   c - Spider Form                    Transmutation/Poison         3
   d - Ice Form                       Ice/Transmutation            4
   e - Blade Hands                    Transmutation                5
   Trog disapproves of the use of such an item.
 Q - a book of Geomancy

   Spells                             Type                      Level
   a - Sandblast                      Earth                        1
   b - Passwall                       Transmutation/Earth          2
   c - Stone Arrow                    Conjuration/Earth            3
   d - Petrify                        Transmutation/Earth          4
   e - Lee's Rapid Deconstruction     Earth                        5
   Trog disapproves of the use of such an item.
Comestibles
 c - 6 bread rations
 f - a fruit
 r - 9 beef jerkies
 v - a chunk of flesh
 x - a slice of pizza


   Skills:
 + Level 8.3 Fighting
 * Level 9.7 Axes
 + Level 7.9 Armour
 + Level 6.0 Dodging


You had 9 spell levels left.
You didn't know any spells.

Dungeon Overview and Level Annotations

Branches:
Dungeon (10/15)            Temple (1/1) D:5
   Lair: D:8-11         Orc: D:9-12

Altars:
Cheibriados
Elyvilon
Gozag
Hepliaklqana
Kikubaaqudgha
Makhleb
Nemelex Xobeh
Pakellas
Qazlal
Trog
Vehumet
Xom
Zin

Shops:
D:4 :   D:9 :

Annotations:
D:2 1 exclusion
D:3 1 exclusion
D:4 1 exclusion
D:5 1 exclusion
D:6 1 exclusion
D:7 1 exclusion
D:8 2 exclusions
D:9 1 exclusion
D:10 1 exclusion


Innate Abilities, Weirdness & Mutations

You are resistant to torment.
Your stone body is resilient. (AC +7)
You are immune to poison.
You resist negative energy. (rN+)
You are resistant to electric shocks. (rElec)
You can survive without breathing.
You are immune to petrification.
You are immune to rotting.
You are partially covered in rough black scales. (AC +4, Dex -1)


Message History

You hit the snapping turtle but do no damage.
The snapping turtle is severely wounded.
The snapping turtle bites you!
* * * LOW HITPOINT WARNING * * *
You barely miss the snapping turtle.
The snapping turtle is severely wounded.
The snapping turtle bites you from afar!
* * * LOW HITPOINT WARNING * * *
You slash the snapping turtle!
The snapping turtle is almost dead.
The snapping turtle withdraws into its shell!
You hit the snapping turtle but do no damage.
The snapping turtle is almost dead.
The snapping turtle bites you but does no damage.
You completely miss the snapping turtle.
The snapping turtle is almost dead.
You slash the snapping turtle!
The snapping turtle is almost dead.
The snapping turtle bites you from afar!
You die...

≈≈≈≈≈≈..P♣.≈≈≈≈≈≈≈≈
≈≈≈≈≈≈≈...≈≈≈≈≈≈≈≈#
#≈≈≈≈≈≈≈≈≈≈≈≈≈≈###
##≈≈≈≈≈≈≈≈t≈≈≈≈≈≈≈
#≈≈≈≈≈≈≈;≈≈≈≈≈≈≈≈≈
#≈≈;≈;≈####≈≈≈≈≈
#≈#≈t†### ≈≈≈ ###
##t## # ..#
#.@######### ###
#..........#
#..........#
#>.........#
###..........#
#.>..........#
###.#..........#
#...############ ..
#.###


You could see 2 snapping turtles and an electric eel.

Vanquished Creatures
  Harold (D:10)
  A hill giant (D:10)
  Pikel (D:7)
  A wyvern (D:9)
  A hippogriff (D:8)
  A hungry ghost (D:7)
  Edmund (D:4)
  The ghost of shanghai the Digger, an amateur GrEE (D:3)
  A water moccasin (D:9)
  3 orc warriors
  3 slaves (D:7)
  3 ice beasts
  A sky beast (D:5)
  A wasp (D:9)
  2 ogres
  2 centaurs
  3 big kobolds (Sewer)
  A giant frog (D:8)
  2 scorpions
  3 wights (D:7)
  7 crimson imps
  4 orc priests (D:8)
  3 centaur zombies
  2 hounds
  3 jellies
  A centaur skeleton (D:5)
  6 orc wizards
  3 giant frog skeletons
  A gnoll shaman (D:7)
  4 iguanas
  Natasha (thrice) (D:4)
  9 worker ants
  A killer bee zombie (D:8)
  A hound zombie (D:9)
  3 gnolls (D:7)
  3 river rats (D:5)
  12 adders
  3 shadow imps
  2 oozes (Sewer)
  2 adder skeletons (D:4)
  4 worms
  A dart slug (D:1)
  5 giant geckos
  19 orcs
  11 bats
  9 giant cockroaches
  9 goblins
  6 hobgoblins
  14 jackals
  2 quokkas
  2 ball pythons
  2 giant gecko skeletons
  6 giant newts
  2 jackal skeletons
  16 kobolds
  10 rats
224 creatures vanquished.

Vanquished Creatures (others)
  A slave (D:7)
  A shadow imp (D:7)
  2 bats (D:10)
  A giant cockroach (D:7)
  A jackal (D:7)
6 creatures vanquished.

Grand Total: 230 creatures vanquished

Notes
Turn   | Place    | Note
-------+----------+-------------------------------------------
     0 | D:1      | zxkuqyb the Gargoyle Berserker began the quest for the Orb.
     0 | D:1      | Reached XP level 1. HP: 14/14 MP: 1/1
   249 | D:1      | Reached skill level 3 in Axes
   261 | D:1      | Reached XP level 2. HP: 19/19 MP: 2/2
   594 | D:1      | Reached XP level 3. HP: 18/23 MP: 3/3
   751 | D:1      | Reached ** piety under Trog
  1271 | D:2      | Found a radiant altar of Vehumet.
  1383 | D:2      | Reached XP level 4. HP: 28/28 MP: 4/4
  1627 | D:2      | HP: 1/28 [worm (7)]
  1911 | D:3      | Noticed shanghai's ghost (amateur GrEE)
  1917 | D:3      | Killed shanghai's ghost
  1917 | D:3      | Reached skill level 4 in Axes
  1917 | D:3      | Reached XP level 5. HP: 33/33 MP: 5/5
  2587 | D:3      | Reached XP level 6. HP: 38/38 MP: 6/6
  3028 | D:4      | Found a bloodstained altar of Trog.
  3057 | D:4      | Noticed Natasha
  3070 | D:4      | Killed Natasha
  3195 | D:4      | Noticed Edmund
  3236 | D:4      | Killed Edmund
  3236 | D:4      | Reached skill level 5 in Axes
  3236 | D:4      | Reached XP level 7. HP: 13/44 MP: 7/7
  3581 | D:4      | Found Ruffirch's Book Boutique.
  3693 | D:4      | Noticed Natasha
  3700 | D:4      | Killed Natasha
  3700 | D:4      | Reached *** piety under Trog
  3762 | D:4      | Noticed Natasha
  3774 | D:4      | Killed Natasha
  3812 | D:5      | Entered Level 5 of the Dungeon
  3924 | D:5      | Found a glowing drain.
  3973 | Sewer    | Entered a sewer
  4004 | Sewer    | Reached skill level 5 in Fighting
  4344 | Sewer    | Reached **** piety under Trog
  4344 | Sewer    | Reached XP level 8. HP: 44/49 MP: 8/8
  4495 | D:5      | Reached skill level 6 in Axes
  4671 | D:5      | Reached skill level 5 in Armour
  4744 | D:5      | Gained mutation: You are partially covered in rough black scales. (AC +4, Dex -1) [mutagenic meat]
  4747 | D:5      | Gained mutation: You have a pair of small horns on your head. [mutagenic meat]
  4750 | D:5      | Gained mutation: Potions and wands are less effective at restoring your health. [mutagenic meat]
  4753 | D:5      | Gained mutation: Your flesh is cold resistant. (rC+) [mutagenic meat]
  4756 | D:5      | Gained mutation: You have large cloven feet. [mutagenic meat]
  4759 | D:5      | Gained mutation: You tend to lose your temper in combat. [mutagenic meat]
  4781 | D:5      | Lost mutation: You tend to lose your temper in combat. [potion of cure mutation]
  4781 | D:5      | Lost mutation: You have a pair of small horns on your head. [potion of cure mutation]
  4781 | D:5      | Lost mutation: You have large cloven feet. [potion of cure mutation]
  4781 | D:5      | Lost mutation: Your flesh is cold resistant. (rC+) [potion of cure mutation]
  4781 | D:5      | Lost mutation: Potions and wands are less effective at restoring your health. [potion of cure mutation]
  4785 | D:5      | Found a shimmering altar of Xom.
  5078 | D:5      | Found a staircase to the Ecumenical Temple.
  5094 | Temple   | Entered the Ecumenical Temple
  5258 | D:6      | Found a stormy altar of Qazlal.
  5419 | D:6      | Identified a scroll of acquirement
  5422 | D:6      | Got a twisted shield
  5521 | D:6      | Found an ancient bone altar of Kikubaaqudgha.
  5524 | D:6      | Found an oddly glowing altar of Pakellas.
  5524 | D:6      | Found a white marble altar of Elyvilon.
  5835 | D:6      | Found an opulent altar of Gozag.
  6077 | D:7      | Noticed Pikel
  6105 | D:7      | Killed Pikel
  6105 | D:7      | Reached skill level 7 in Axes
  6105 | D:7      | Reached XP level 9. HP: 34/56 MP: 9/9
  6867 | D:7      | Got an encrusted hat
  6878 | D:7      | Identified the +1 hat of Pleasant Breezes {*Drain +Blink Dex+3 Stlth+} (You found it on level 7 of the Dungeon)
  7297 | D:6      | Found a snail-covered altar of Cheibriados.
  7424 | D:8      | Reached skill level 8 in Axes
  7655 | D:8      | Reached skill level 5 in Dodging
  8167 | D:8      | Reached XP level 10. HP: 42/63 MP: 10/10
  8432 | D:9      | Got a bloodstained cloak
  8477 | D:9      | Reached ***** piety under Trog
  8495 | D:9      | Identified the +2 cloak "Fyvoj" {*Drain MR+ Regen+ Dex+6} (You found it on level 9 of the Dungeon)
  8641 | D:9      | Reached skill level 9 in Axes
  8825 | D:9      | Found a burning altar of Makhleb.
  8832 | D:9      | Noticed an Executioner
  8840 | D:9      | Found a glowing silver altar of Zin.
  8841 | D:9      | Noticed an angel
  8888 | D:9      | Found Nobar's Book Shoppe.
  9175 | D:9      | Found an oddly glowing altar of Pakellas.
  9241 | D:10     | Entered Level 10 of the Dungeon
  9243 | D:10     | Noticed a hill giant
  9268 | D:10     | Killed a hill giant
  9456 | D:10     | Noticed Harold
  9480 | D:10     | Killed Harold
  9590 | D:10     | HP: 3/96 [snapping turtle (7)]
  9594 | D:10     | Mangled by a snapping turtle

Vault maps used:
D:1:      dpeg_arrival_subterranean_lakeside_camping, serial_forest,
          infiniplex_forest_lined_ring, infiniplex_forest_straight_3,
          infiniplex_forest_straight_4, infiniplex_forest_straight_4,
          infiniplex_forest_lined_2, infiniplex_forest_lined_corner,
          infiniplex_forest_lined_corner, infiniplex_forest_straight_3,
          infiniplex_forest_straight_2
D:2:      lemuel_crystal_altar
D:3:      serial_co_window_serial, co_window_paths_a,
          co_window_of_opportunity_a, co_window_corner_a, co_window_corner_a,
          co_window_corner_a, co_window_of_opportunity_a, co_window_paths_a,
          co_window_corner_b, co_window_broadway_a, co_window_of_opportunity_b,
          co_window_paths_c, co_window_corner_cb, co_window_2corner,
          co_window_4corner_a, glass_columns_a, glass_columns_b,
          glass_columns_b, glass_columns_a, first_bread
D:4:      old_standard_altar, serial_shops, shop, uniq_natasha, uniq_edmund
D:5:      portal_sewer_entry_c, xom_confusion_cloud
D:6:      lemuel_upstairs_altar, grunt_qazlal_sundering,
          nicolae_overflow_hidden_temple, basic_altar
D:7:      uniq_pikel
D:9:      grunt_temple_overflow_order_and_chaos_2, serial_shops, shop,
          grunt_ogre_cave, grunt_pakellas_basics
D:10:     wad_bat_island, uniq_harold, uniq_urug
Temple:   nicolae_temple_great_sept
Sewer:    kennysheep_pipe_town

Skill      XL: |  1  2  3  4  5  6  7  8  9 10 |
---------------+-------------------------------+-----
Axes           | 3 4 5 7 8 9 |  9.7
Fighting       | 4 5 6 7 8 |  8.3
Armour         | 3 4 5 7 |  7.9
Dodging        | 2 3 4 5 6 |  6.0

Action                   |  1- 3 |  4- 6 |  7- 9 | 10-12 || total
-------------------------+-------+-------+-------+-------++-------
Melee: Hand axe          |   131 |   174 |   763 |   265 ||  1333
Invok: Berserk           |       |     2 |     3 |     3 ||     8
       Trog's Hand       |       |       |     1 |     1 ||     2
  Use: Scroll            |       |       |    14 |     4 ||    18
       Potion            |       |       |     1 |       ||     1
 Stab: Sleeping          |       |     1 |     1 |     3 ||     5
       Distracted        |       |       |     1 |       ||     1
  Eat: Chunk             |     1 |     8 |    24 |     8 ||    41
       Fruit             |       |       |     7 |       ||     7
Armor: Animal skin       |    37 |    22 |       |       ||    59
       Leather armour    |       |    52 |   391 |    55 ||   498
       Plate armour      |       |       |       |    35 ||    35
Dodge: Dodged            |    90 |    81 |   532 |   158 ||   861
